 Dungeon Crawl Stone Soup version 0.31-a0-523-g071a6c1ffa (webtiles) character file.

Game seed: 2062821941469758021

1325 Fodor the Shield-Bearer (level 8, -1/70 HPs)
             Began as a Minotaur Fighter on Aug 11, 2023.
             Slain by a gnoll
             ... wielding a +0 spear
              (4 damage)
             ... on level 6 of the Dungeon.
             The game lasted 00:31:40 (4928 turns).

Fodor the Shield-Bearer (Minotaur Fighter)          Turns: 4928, Time: 00:31:40

Health: -1/70      AC: 16    Str: 22    XL:     8   Next: 34%
Magic:  7/7        EV:  9    Int:  5    God:
Gold:   186        SH:  9    Dex: 11    Spells: 7/7 levels left

rFire   . . .        j - +0 war axe
rCold   . . .        i - +0 kite shield
rNeg    . . .        m - +6 scale mail "Naonafag" {Fly rCorr}
rPois   .            (helmet restricted)
rElec   .            (no cloak)
rCorr   +            B - +2 pair of gloves {Stlth+}
SInv    .            (no boots)
Will    .....        (no amulet)
Stlth   +            (no ring)
HPRegen 0.31/turn    (no ring)
MPRegen 0.10/turn

%: no passive effects
@: lethally poisoned (-1 -> -30), weakened, flying
A: horns 2, retaliatory headbutt
a: no special abilities


You were on level 6 of the Dungeon.
You visited 1 branch of the dungeon, and saw 6 of its levels.

You collected 283 gold pieces.
You spent 97 gold pieces at shops.

Inventory:

Hand Weapons
 j - a +0 war axe (weapon)
 A - a +1 flail of protection
Armour
 i - a +0 kite shield (worn)
 m - the +6 scale mail "Naonafag" (worn) {Fly rCorr}
   (You found it on level 2 of the Dungeon)

   Fly:       It grants you flight.
   rCorr:     It protects you from acid and corrosion.
 B - a +2 pair of gloves of stealth (worn)
Jewellery
 a - a ring of magical power
 p - a ring of wizardry
 q - a ring of ice
 u - an amulet of regeneration
 v - a ring of magical power
 y - a ring of resist corrosion
Talismans
 t - a maw talisman
 x - a beast talisman
Wands
 w - a wand of mindburst (15)
Scrolls
 c - 3 scrolls of enchant armour
 e - 4 scrolls of identify
 g - 2 scrolls of fear
 h - 2 scrolls of teleportation
 n - 2 scrolls of blinking
 s - a scroll of noise
 z - a scroll of brand weapon {unknown}
Potions
 b - a potion of heal wounds {unknown}
 d - a potion of curing
 f - a potion of resistance
 k - 2 potions of mutation {unknown}
 l - 4 potions of lignification
 o - 2 potions of degeneration {unknown}
 r - 2 potions of enlightenment


   Skills:
 + Level 5.8 Fighting
 + Level 5.6 Long Blades
 + Level 5.8 Axes
 + Level 0.3 Throwing
 + Level 6.1 Armour
 + Level 3.1 Dodging
 + Level 0.4 Stealth
 + Level 6.1 Shields


You had 7 spell levels left.
You didn't know any spells.
Your spell library contained the following spells:

 Spells                   Type           Power      Damage    Failure   Level
 Apportation              Tloc           0%         N/A       95%         1
 Vhi's Electric Charge    Tloc/Air       0%         N/A       100%        3
 Alistair's Intoxication  Tmut/Pois      0%         N/A       100%        5
 Arcjolt                  Conj/Air       0%         1d10      100%        5
 Plasma Beam              Fire/Air       0%         2x1d10    100%        6
 Chain Lightning          Conj/Air       0%         N/A       100%        9
 Fire Storm               Conj/Fire      0%         5d1       100%        9
 Shatter                  Erth           0%         3d5*      100%        9


Dungeon Overview and Level Annotations

Branches:
Dungeon (6/15)
 Temple: D:4-7

Altars:
Ashenzari
Hepliaklqana
Trog

Shops:
D:1 (   D:4 *


Innate Abilities, Weirdness & Mutations

You have a pair of horns on your head.
You reflexively headbutt those who attack you in melee.


Message History

You block the hound's attack.
The gnoll sergeant hits you from afar with a +2 trident of venom.
You are more poisoned.
The gnoll hits you from afar with a +0 spear.
The gnoll bouda barely misses you. You furiously retaliate!
You headbutt the gnoll bouda!
You kill the gnoll bouda!
The hound barely misses you. You block the gnoll sergeant's attack.
Your Armour skill increases to level 6!
You closely miss the hound.
The hound is severely wounded.
You feel very sick. The hound bites you but does no damage.
You block the gnoll's attack.
The gnoll sergeant hits you from afar with a +2 trident of venom.
You are more poisoned.
The hound bites you but does no damage. The gnoll barely misses you.
The jackal barely misses you.
You barely miss the hound.
The hound is severely wounded.
You hit the jackal.
* * * LOW HITPOINT WARNING * * *
You feel very sick.
The gnoll is no longer moving quickly.
You block the hound's attack.
The jackal bites you but does no damage.
The gnoll sergeant hits you but does no damage.
You are lethally poisoned!
The gnoll hits you from afar with a +0 spear.
* * * LOW HITPOINT WARNING * * *
The hound misses you.
You slash the hound!
You kill the hound!
You closely miss the jackal.
* * * LOW HITPOINT WARNING * * *
You feel extremely sick. The jackal barely misses you.
The gnoll sergeant hits you from afar with a +2 trident of venom.
* * * LOW HITPOINT WARNING * * *
You are more poisoned.
The gnoll hits you from afar with a +0 spear.
You die...

#.....#
#.....###
#.###...#
#. ###.##
.. #..# ..
##.##
######.(#
.......#†#
..##...)@#
##...h#
##.gg.
#.....
.......
...##....
...# #...#
.... #.##


You could see a gnoll sergeant (swift), a gnoll and a jackal.

Vanquished Creatures
  Sigmund (D:3)
  A black bear (D:5)
  An ogre (D:5)
  2 wolves (D:6)
  3 scorpions
  An orc priest (D:5)
  A sleepcap (D:5)
  6 hounds
  2 gnoll boudas
  2 iguanas
  Terence (D:3)
  13 gnolls
  8 adders
  A white imp (D:5)
  3 worms
  2 dart slugs
  10 orcs
  3 ball pythons
  A bat (D:1)
  9 endoplasms
  3 giant cockroaches
  8 goblins
  3 hobgoblins
  9 jackals
  5 quokkas
  5 frilled lizards
  6 kobolds
  5 rats
115 creatures vanquished.

Notes
Turn   | Place    | Note
-------+----------+-------------------------------------------
     0 | D:1      | Fodor the Minotaur Fighter began the quest for the Orb.
     0 | D:1      | Reached XP level 1. HP: 19/19 MP: 0/0
   308 | D:1      | Found Feoriv's Antique Weapon Shoppe.
   506 | D:1      | Reached XP level 2. HP: 22/27 MP: 1/1
   726 | D:2      | Identified the +6 scale mail "Naonafag" {Fly rCorr}
   826 | D:2      | Reached XP level 3. HP: 19/33 MP: 2/2
  1445 | D:3      | Noticed Terence
  1459 | D:3      | Killed Terence
  1460 | D:3      | Reached skill level 1 in Dodging
  1460 | D:3      | Reached XP level 4. HP: 35/40 MP: 3/3
  1521 | D:3      | Found a bloodstained altar of Trog.
  1584 | D:3      | Noticed Sigmund
  1598 | D:3      | Killed Sigmund
  1599 | D:3      | Reached XP level 5. HP: 45/47 MP: 4/4
  1818 | D:3      | Reached XP level 6. HP: 53/53 MP: 5/5
  2343 | D:4      | Reached skill level 5 in Long Blades
  2343 | D:4      | Reached skill level 5 in Armour
  2343 | D:4      | Found Acedwer's CLEARANCE SALE!.
  2514 | D:4      | Bought a ring of magical power for 60 gold pieces
  2514 | D:4      | Bought a scroll of enchant armour for 22 gold pieces
  2514 | D:4      | Bought a potion of enlightenment for 15 gold pieces
  2922 | D:4      | Reached skill level 5 in Fighting
  2922 | D:4      | Reached skill level 1 in Axes
  3218 | D:5      | Entered Level 5 of the Dungeon
  3326 | D:5      | Reached XP level 7. HP: 58/61 MP: 6/6
  3747 | D:5      | Reached skill level 5 in Shields
  4023 | D:5      | Found a hazy altar of Hepliaklqana.
  4056 | D:5      | Found a broken altar of Ashenzari.
  4147 | D:5      | Reached XP level 8. HP: 66/69 MP: 7/7
  4693 | D:6      | Reached skill level 5 in Axes
  4928 | D:6      | HP: 3/70 [gnoll sergeant/+2 trident of venom (5)]
  4928 | D:6      | Slain by a gnoll

Illustrated notes

Levels and vault maps discovered:
D:1:      dpeg_arrival_more_subterranean_lakeside_camping, layout_basic,
          serial_shops, shop, corexii_item_surrounded_by_moat
D:2:      layout_loops_ring
D:3:      layout_basic, nicolae_overflow_crystal_walls, uniq_terence,
          uniq_sigmund
D:4:      layout_loops_ring, kennysheep_decorative_pillar, minmay_fountain_box,
          nicolae_shop_clearance
D:5:      layout_loops_ring, nicolae_hepliaklqana_hazy_memory,
          nicolae_ashenzari_skybound, serial_park_tiny_1, grunt_ministairs_9
D:6:      nicolae_cairo_tiling_large, layout_cave_pools,
          kennysheep_orc_sif_temple, serial_gnoll_camp, gnoll_camp_mini_hut,
          gnoll_camp_mini_doghouse, gnoll_camp_mini_doghouse,
          gnoll_camp_medium_01, gnoll_camp_huts_basic

Skill      XL: |  1  2  3  4  5  6  7  8 |
---------------+-------------------------+-----
Shields        | 4 5 6 |  6.1
Armour         | 4 5 6 |  6.1
Long Blades    | 3 4 5 |  5.6
Fighting       | 4 5 |  5.8
Dodging        | 1 2 3 |  3.1
Axes           | 1 4 5 |  5.8
Throwing       | |  0.3
Stealth        | |  0.4

Action                     |  1- 3 |  4- 6 |  7- 9 || total
---------------------------+-------+-------+-------++-------
  Melee: Long sword        |   101 |   107 |       ||   208
         Headbutt          |    11 |    22 |    18 ||    51
         War axe           |       |    38 |   121 ||   159
  Throw: Dart              |     1 |     3 |       ||     4
    Use: Potion            |     2 |     1 |     2 ||     5
         Scroll            |       |       |     5 ||     5
 Armour: Ring mail         |     8 |       |       ||     8
         Scale mail        |    46 |    78 |    95 ||   219
         Skin              |       |       |     5 ||     5
  Dodge: Dodged            |    47 |    78 |    68 ||   193
  Block: Buckler           |    16 |       |       ||    16
         Kite shield       |     5 |    69 |    93 ||   167

Table legend: (Time is in decaauts)
 A = Elapsed time spent in this place.
 B = Non-inter-level travel time spent in this place.
 C = Inter-level travel time spent in this place.
 D = Time resting spent in this place.
 E = Time spent auto-exploring this place.
 F = Levels seen in this place.
 G = Mean time per level.
                   A        B        C        D        E       F      G
               +--------+--------+--------+--------+--------+-----+--------+
         Total |   5061 |   4850 |    211 |    714 |      0 |   6 |  843.5 |
       Dungeon |   5061 |   4850 |    211 |    714 |      0 |   6 |  843.5 |
               +--------+--------+--------+--------+--------+-----+--------+

Top non-repeatable levels by time:
     D:5: 1259 daAuts
     D:4: 1225 daAuts
     D:1: 730 daAuts
     D:2: 708 daAuts
     D:3: 632 daAuts
     D:6: 504 daAuts
